SAAA
FLORIDA MEN @ SUNSET DISTRICT FOG
08/12/2037
 
TOP OF THE 1ST
Florida Men batting - Pitching for Sunset District Fog : LHP Mark Smith
Pitching: LHP Mark Smith
Batting: RHB Jorge Salgado 0-0: Ball
1-0: Foul Ball, location: 2F
1-1: Ball
2-1: Ball
3-1: Called Strike
3-2: Base on Balls
Batting: RHB Chang-lit Min 0-0: Swinging Strike
0-1: Ball
1-1: Swinging Strike
1-2: Foul Ball, location: 2F
1-2: Reaches on Catchers interference
Jorge Salgado to second
Batting: LHB Jesús Encarnación 0-0: Called Strike
0-1: Ball
1-1: Foul Ball, location: 2F
1-2: Grounds into double play, 4-6-3 (Groundball, 34, EV 88.8 MPH)
Jorge Salgado to third
Batting: RHB António Pérez 0-0: Called Strike
0-1: Swinging Strike
0-2: Strikes out swinging
Top of the 1st over - 0 runs, 0 hits, 1 error, 1 left on base; Florida 0 - Sunset District 0
BOTTOM OF THE 1ST
Sunset District Fog batting - Pitching for Florida Men : RHP Tomás Mata
Pitching: RHP Tomás Mata
Batting: LHB Roderick Simpson 0-0: Ball
1-0: Swinging Strike
1-1: Called Strike
1-2: Ball
2-2: Ball
3-2: Foul Ball, location: 2F
3-2: Base on Balls
Batting: RHB Vonne Navarrete 0-0: Foul Ball, location: 2F
0-1: Foul Ball, location: 2F
0-2: Foul Ball, location: 2F
0-2: Foul Ball, location: 2F
0-2: Foul Ball, location: 2F
0-2: Hit by Pitch
Roderick Simpson to second
Batting: LHB Tim O'Neal 0-0: Fly out, F8 (Flyball, 89D, EV 77.5 MPH)
Runner from 2nd tags up, SAFE at 3rd, no throw by CF
Batting: RHB Silvian Burger 0-0: Foul Ball, location: 2F
0-1: Ball
1-1: Foul Ball, location: 2F
1-2: Ball
2-2: Foul Ball, location: 2F
2-2: Foul Ball, location: 2F
2-2: Ball
3-2: Foul Ball, location: 2F
3-2: Fly out, F7 (Flyball, 7S, EV 93.1 MPH)
Batting: RHB José Vargas 0-0: SINGLE (Groundball, 56D, EV 104.4 MPH)
Roderick Simpson scores
Vonne Navarrete to second
Batting: SHB Zack Murphy 0-0: Called Strike
0-1: Swinging Strike
0-2: Foul Ball, location: 2F
0-2: Foul Ball, location: 2F
0-2: DOUBLE (Line Drive, 78D, EV 101.9 MPH)
Vonne Navarrete scores
José Vargas to third
Runner from 3rd tries for Home, SAFE, throw by LF to home
Batting: RHB Jeromy Gride 0-0: Swinging Strike
0-1: Ball
Passed Ball!
Zack Murphy to third
1-1: Foul Ball, location: 2F
1-2: Ball
2-2: Strikes out swinging, 2-3 out at first.
Bottom of the 1st over - 3 runs, 2 hits, 0 errors, 1 left on base; Florida 0 - Sunset District 3
TOP OF THE 2ND
Florida Men batting - Pitching for Sunset District Fog : LHP Mark Smith
Batting: RHB Pellervo Rintanen 0-0: Swinging Strike
0-1: Foul Ball, location: 2F
0-2: Strikes out swinging
Batting: RHB Kyle Bywaters 0-0: Ball
1-0: Called Strike
1-1: Swinging Strike
1-2: Fly out, F7 (Flyball, 7S, EV 81.9 MPH)
Batting: RHB Pedro Ortíz 0-0: Ball
1-0: Called Strike
1-1: Ball
2-1: Ball
3-1: Base on Balls
Batting: LHB Matt Herman 0-0: Ball
1-0: Ball
2-0: Called Strike
2-1: Ball
3-1: Called Strike
3-2: Base on Balls
Pedro Ortíz to second
Batting: RHB Marcos Alfaro 0-0: Called Strike
0-1: Foul Ball, location: 2F
0-2: Strikes out looking
Top of the 2nd over - 0 runs, 0 hits, 0 errors, 2 left on base; Florida 0 - Sunset District 3
BOTTOM OF THE 2ND
Sunset District Fog batting - Pitching for Florida Men : RHP Tomás Mata
Batting: RHB George Hubbard 0-0: Called Strike
0-1: Ball
1-1: Ball
2-1: Ground out 5-3 (Groundball, 56, EV 83.1 MPH)
Batting: SHB Cecil Nelson 0-0: Called Strike
0-1: Foul Ball, location: 2F
0-2: Ball
1-2: Fly out, F9 (Flyball, 9D, EV 93.8 MPH)
Batting: LHB Roderick Simpson 0-0: Ball
1-0: Foul Ball, location: 2F
1-1: Foul Ball, location: 2F
1-2: Foul Ball, location: 2F
1-2: Ball
2-2: Ball
3-2: Base on Balls
Batting: RHB Vonne Navarrete 0-0: Called Strike
0-1: Ball
1-1: Called Strike
Pickoff Throw to First - Out! 1-3
Bottom of the 2nd over - 0 runs, 0 hits, 0 errors, 0 left on base; Florida 0 - Sunset District 3
TOP OF THE 3RD
Florida Men batting - Pitching for Sunset District Fog : LHP Mark Smith
Batting: RHB Jorge Salgado 0-0: Ball
1-0: Foul Ball, location: 2F
1-1: Ball
2-1: Swinging Strike
2-2: Strikes out swinging
Batting: RHB Chang-lit Min 0-0: Foul Ball, location: 2F
0-1: Ball
1-1: Called Strike
1-2: Ball
2-2: Strikes out looking
Batting: LHB Jesús Encarnación 0-0: Called Strike
0-1: Foul Ball, location: 2F
0-2: Foul Ball, location: 2F
0-2: Ball
1-2: Strikes out swinging
Top of the 3rd over - 0 runs, 0 hits, 0 errors, 0 left on base; Florida 0 - Sunset District 3
BOTTOM OF THE 3RD
Sunset District Fog batting - Pitching for Florida Men : RHP Tomás Mata
Batting: RHB Vonne Navarrete 0-0: Ball
1-0: Called Strike
1-1: Ball
2-1: Called Strike
2-2: Strikes out swinging
Batting: LHB Tim O'Neal 0-0: Swinging Strike
0-1: Ball
1-1: Called Strike
1-2: Strikes out swinging
Batting: RHB Silvian Burger 0-0: Ball
1-0: Called Strike
1-1: Called Strike
1-2: Ball
2-2: SINGLE (Groundball, 3D, EV 107.5 MPH)
Batting: RHB José Vargas 0-0: Ball
1-0: SINGLE (Groundball, 5D, EV 104.4 MPH)
Silvian Burger to second
Batting: SHB Zack Murphy 0-0: SINGLE (Groundball, 4MD, EV 94.4 MPH)
Silvian Burger to third
José Vargas to second
Runner from 3rd tries for Home, SAFE, throw by CF to home
Batting: RHB Jeromy Gride 0-0: Ball
1-0: Called Strike
1-1: Fielders Choice at 2nd, 6-4 (Groundball, 6, EV 87.5 MPH)
Bottom of the 3rd over - 1 run, 3 hits, 0 errors, 2 left on base; Florida 0 - Sunset District 4
TOP OF THE 4TH
Florida Men batting - Pitching for Sunset District Fog : LHP Mark Smith
Batting: RHB António Pérez 0-0: Called Strike
0-1: Ball
1-1: Ball
2-1: Foul Ball, location: 2F
2-2: Foul Ball, location: 2F
2-2: Ball
3-2: Fly out, F8 (Flyball, 8RS, EV 96.9 MPH)
Batting: RHB Pellervo Rintanen 0-0: Foul Ball, location: 2F
0-1: Called Strike
0-2: Ball
1-2: Strikes out swinging
Batting: RHB Kyle Bywaters 0-0: Ball
1-0: Called Strike
1-1: Foul Ball, location: 2F
1-2: Foul Ball, location: 2F
1-2: TRIPLE (Flyball, 89XD, EV 85.6 MPH)
Batting: RHB Pedro Ortíz 0-0: Ball
1-0: Foul Ball, location: 2F
1-1: Called Strike
1-2: Strikes out looking
Top of the 4th over - 0 runs, 1 hit, 0 errors, 1 left on base; Florida 0 - Sunset District 4
BOTTOM OF THE 4TH
Sunset District Fog batting - Pitching for Florida Men : RHP Tomás Mata
Batting: RHB George Hubbard 0-0: Foul Ball, location: 2F
0-1: SINGLE (Line Drive, 8LS, EV 88.8 MPH)
Batting: SHB Cecil Nelson 0-0: Called Strike
0-1: Called Strike
0-2: Ball
1-2: DOUBLE (Line Drive, 89M, EV 98.1 MPH)
George Hubbard to third
Batting: LHB Roderick Simpson 0-0: Ground out U3 (Groundball, 34, EV 83.8 MPH)
George Hubbard scores
Cecil Nelson to third
Batting: RHB Vonne Navarrete 0-0: Ball
1-0: SINGLE (Groundball, 56D, EV 103.8 MPH)
Cecil Nelson scores
Pitching: RHP Gary Johnson
Batting: LHB Tim O'Neal 0-0: Called Strike
0-1: Foul Ball, location: 2F
0-2: Ball
1-2: SINGLE (Line Drive, 5D, EV 104.4 MPH)
Vonne Navarrete to second
Batting: RHB Silvian Burger 0-0: Ball
1-0: Called Strike
1-1: Fly out, F8 (Flyball, 8LXD, EV 103.8 MPH)
Batting: RHB José Vargas 0-0: Called Strike
0-1: Foul Ball, location: 2F
0-2: Ball
1-2: Ball
2-2: Strikes out swinging
Bottom of the 4th over - 2 runs, 4 hits, 0 errors, 2 left on base; Florida 0 - Sunset District 6
TOP OF THE 5TH
Florida Men batting - Pitching for Sunset District Fog : LHP Mark Smith
Batting: LHB Matt Herman 0-0: Foul Ball, location: 2F
0-1: Fly out, F8 (Flyball, 89M, EV 73.1 MPH)
Batting: RHB Marcos Alfaro 0-0: Foul Ball, location: 2F
0-1: Foul Ball, location: 2F
0-2: Ball
1-2: Ball
2-2: Foul Ball, location: 2F
2-2: DOUBLE (Line Drive, 78D, EV 100.6 MPH)
Batting: RHB Jorge Salgado 0-0: Ball
1-0: Ball
2-0: Foul Ball, location: 2F
2-1: Swinging Strike
2-2: Ball
3-2: Base on Balls
Batting: RHB Chang-lit Min 0-0: Foul Ball, location: 2F
0-1: Called Strike
0-2: Ball
1-2: Strikes out swinging
Pitching: RHP Jeff Seawright
Batting: LHB Jesús Encarnación 0-0: Fly out, F7 (Flyball, 7LMF, EV 95.6 MPH)
Top of the 5th over - 0 runs, 1 hit, 0 errors, 2 left on base; Florida 0 - Sunset District 6
BOTTOM OF THE 5TH
Sunset District Fog batting - Pitching for Florida Men : RHP Gary Johnson
Batting: SHB Zack Murphy 0-0: DOUBLE (Groundball, 5L, EV 103.8 MPH)
Batting: RHB Jeromy Gride 0-0: Ball
1-0: Ball
2-0: Ground out 1-3 (Groundball, P, EV 75.6 MPH)
Zack Murphy to third
Batting: RHB George Hubbard 0-0: Foul Ball, location: 2F
0-1: Ball
1-1: Ball
2-1: Ground out 4-3 (Groundball, 4M, EV 87.5 MPH)
Zack Murphy scores
Batting: SHB Cecil Nelson 0-0: Called Strike
0-1: Swinging Strike
0-2: Foul Ball, location: 2F
0-2: Ball
1-2: Foul Ball, location: 2F
1-2: Foul Ball, location: 2F
1-2: Ball
2-2: Strikes out looking
Bottom of the 5th over - 1 run, 1 hit, 0 errors, 0 left on base; Florida 0 - Sunset District 7
TOP OF THE 6TH
Florida Men batting - Pitching for Sunset District Fog : RHP Jeff Seawright
Batting: RHB António Pérez 0-0: Called Strike
0-1: Foul Ball, location: 2F
0-2: Foul Ball, location: 2F
0-2: Foul Ball, location: 2F
0-2: Foul Ball, location: 2F
0-2: Fly out, F9 (Flyball, 9S, EV 86.9 MPH)
Batting: RHB Pellervo Rintanen 0-0: Foul Ball, location: 2F
0-1: Called Strike
0-2: Strikes out swinging
Batting: RHB Kyle Bywaters 0-0: Swinging Strike
0-1: Ball
1-1: SINGLE (Groundball, 56D, EV 103.8 MPH)
Batting: RHB Pedro Ortíz 0-0: Foul Ball, location: 2F
0-1: Ball
1-1: Ball
2-1: Foul Ball, location: 2F
2-2: Foul Ball, location: 2F
2-2: Foul Ball, location: 2F
2-2: Foul Ball, location: 2F
2-2: Foul Ball, location: 2F
Pickoff Throw to First - Out! 1-3
Top of the 6th over - 0 runs, 1 hit, 0 errors, 0 left on base; Florida 0 - Sunset District 7
BOTTOM OF THE 6TH
Sunset District Fog batting - Pitching for Florida Men : RHP Gary Johnson
Batting: LHB Roderick Simpson 0-0: Foul Ball, location: 2F
0-1: Swinging Strike
0-2: Ball
1-2: Ball
2-2: Fly out, F7 (Line Drive, 7, EV 106.9 MPH)
Batting: RHB Vonne Navarrete 0-0: Ground out 6-3 (Groundball, 6, EV 90.0 MPH)
Batting: LHB Tim O'Neal 0-0: Ball
1-0: Called Strike
1-1: Foul Ball, location: 2F
1-2: Ball
2-2: Foul Ball, location: 2F
2-2: Strikes out swinging
Bottom of the 6th over - 0 runs, 0 hits, 0 errors, 0 left on base; Florida 0 - Sunset District 7
TOP OF THE 7TH
Florida Men batting - Pitching for Sunset District Fog : RHP Jeff Seawright
Batting: RHB Pedro Ortíz 0-0: Called Strike
0-1: Ball
1-1: Foul Ball, location: 2F
1-2: Strikes out looking
Batting: LHB Matt Herman 0-0: Ball
1-0: Swinging Strike
1-1: Called Strike
1-2: Foul Ball, location: 2F
1-2: Strikes out looking
Batting: RHB Marcos Alfaro 0-0: Ball
1-0: Ground out 6-3 (Groundball, 6, EV 85.0 MPH)
Top of the 7th over - 0 runs, 0 hits, 0 errors, 0 left on base; Florida 0 - Sunset District 7
BOTTOM OF THE 7TH
Sunset District Fog batting - Pitching for Florida Men : RHP Gary Johnson
Batting: RHB Silvian Burger 0-0: Ball
1-0: Ground out 5-3 (Groundball, 56S, EV 85.6 MPH)
Batting: RHB José Vargas 0-0: Swinging Strike
0-1: Swinging Strike
0-2: Foul Ball, location: 2F
0-2: Strikes out swinging
Batting: SHB Zack Murphy 0-0: Called Strike
0-1: Fly out, F5 (Line Drive, 5, EV 61.9 MPH)
Bottom of the 7th over - 0 runs, 0 hits, 0 errors, 0 left on base; Florida 0 - Sunset District 7
TOP OF THE 8TH
Florida Men batting - Pitching for Sunset District Fog : RHP Jeff Seawright
Batting: RHB Jorge Salgado 0-0: Ball
1-0: Called Strike
1-1: Fly out, F9 (Flyball, 89S, EV 88.1 MPH)
Batting: RHB Chang-lit Min 0-0: Ball
1-0: Swinging Strike
1-1: Fly out, F8 (Flyball, 8RXD, EV 103.1 MPH)
Batting: LHB Jesús Encarnación 0-0: Ball
1-0: Ball
2-0: SINGLE (Line Drive, 7S, EV 88.8 MPH)
Batting: RHB António Pérez 0-0: Ball
1-0: Called Strike
1-1: Ball
2-1: Ball
3-1: Called Strike
3-2: Base on Balls
Jesús Encarnación to second
Pinch Hitting: LHB Iemitsu Hatsutori 0-0: Ball
1-0: Called Strike
1-1: Foul Ball, location: 2F
1-2: DOUBLE (Line Drive, 7LS, EV 96.2 MPH)
Jesús Encarnación scores
António Pérez to third
Batting: RHB Kyle Bywaters 0-0: Called Strike
0-1: Foul Ball, location: 2F
0-2: SINGLE (Groundball, 6MD, EV 98.1 MPH)
António Pérez scores
Iemitsu Hatsutori to third
Runner from 3rd tries for Home, SAFE, no throw by CF
Pitching: RHP Justin Furneaux
Batting: RHB Pedro Ortíz 0-0: SINGLE (Line Drive, 4D, EV 97.5 MPH)
Kyle Bywaters to second
Runner from 2nd tries for 3rd, SAFE, no throw by RF
Batting: LHB Matt Herman 0-0: Ball
Wild Pitch!
Kyle Bywaters scores
Pedro Ortíz to second
1-0: Ball
Passed Ball!
Pedro Ortíz to third
2-0: Ground out 6-3 (Groundball, 4MD, EV 105.0 MPH)
Top of the 8th over - 4 runs, 4 hits, 0 errors, 1 left on base; Florida 4 - Sunset District 7
BOTTOM OF THE 8TH
Sunset District Fog batting - Pitching for Florida Men : RHP Gary Johnson
Now at 1B: Iemitsu Hatsutori
Batting: RHB Jeromy Gride 0-0: Called Strike
0-1: Called Strike
0-2: Ball
1-2: Strikes out swinging
Batting: RHB George Hubbard 0-0: Called Strike
0-1: Ball
1-1: Ball
2-1: Ball
3-1: Base on Balls
Pitching: LHP Geoffroy Cadaloba
Batting: SHB Cecil Nelson 0-0: Called Strike
0-1: Ball
1-1: Ball
2-1: Foul Ball, location: 2F
2-2: SINGLE (Line Drive, 8RS, EV 108.8 MPH)
George Hubbard to second
Batting: LHB Roderick Simpson 0-0: Ball
1-0: Ball
2-0: Ball
3-0: Called Strike
3-1: Called Strike
3-2: DOUBLE (Line Drive, 8LD, EV 90.0 MPH)
George Hubbard scores
Cecil Nelson to third
Batting: RHB Vonne Navarrete 0-0: Ball
1-0: Called Strike
1-1: Foul Ball, location: 2F
1-2: Ground out 5-3 (Groundball, 5, EV 108.1 MPH)
Batting: LHB Tim O'Neal 0-0: Called Strike
0-1: Ball
1-1: Swinging Strike
1-2: Strikes out swinging
Bottom of the 8th over - 1 run, 2 hits, 0 errors, 2 left on base; Florida 4 - Sunset District 8
TOP OF THE 9TH
Florida Men batting - Pitching for Sunset District Fog : RHP Justin Furneaux
Batting: RHB Marcos Alfaro 0-0: Ground out 3-1 (Groundball, 34S, EV 85.0 MPH)
Batting: RHB Jorge Salgado 0-0: Ball
1-0: Called Strike
1-1: Swinging Strike
1-2: Strikes out swinging
Batting: RHB Chang-lit Min 0-0: Ball
1-0: Called Strike
1-1: Called Strike
1-2: Ball
2-2: Ball
3-2: Base on Balls
Batting: LHB Jesús Encarnación 0-0: Foul Ball, location: 2F
0-1: Ball
1-1: Fielders Choice at 2nd, 6-4 (Groundball, 6, EV 90.0 MPH)
Top of the 9th over - 0 runs, 0 hits, 0 errors, 1 left on base; Florida 4 - Sunset District 8
Thursday, January 23rd, 2020 - OOTP Baseball 20.8 Build 74